Map: Ever Dream LE

Players

Reynor - Winner!

  • Race: Zerg Zerg
  • League: Master
  • Spawn Location: 7:00

Stats

  • Race: Protoss Protoss
  • Spawn Location: 1:00

Event: DreamHack SC2 Masters 2020 Fall

VOD

Have the link to the VOD?

Description

Time

  • Played on: Sept. 16, 2020, 11:55 a.m.
  • Length: 15:47

All games in this series

Show
View Real Time Build Order
Export as new Build Order

Reynor Zerg - Winner!

Build Orders: Hatch First, Lurkers 

Get SALT Encoding   

  12  0:00  Drone  
  13  0:12  Overlord  
  13  0:16  Drone  
  14  0:31  Drone  
  15  0:43  Hatchery  
  15  0:47  Drone  
  15  0:51  Drone  
  15  0:54  Drone  
  17  1:04  Extractor  
  17  1:10  Spawning Pool  
  15  1:14  Drone  
  15  1:17  Drone  
  17  1:21  Drone  
  18  1:30  Drone  
  19  1:41  Drone  
  20  1:52  Drone  
  21  1:56  Drone  
  21  1:57  Queen x2  
  26  2:03  Overlord  
  26  2:07  Zergling x2  
  27  2:13  Drone  
  28  2:19  Metabolic Boost  
  28  2:23  Drone  
  28  2:25  Drone  
  31  2:37  Zergling x2  
  31  2:40  Queen  
  31  2:42  Overlord  
  33  2:47  Zergling x2  
  33  2:49  Drone x2  
  36  2:54  Extractor  
  36  2:57  Drone  
  36  3:01  Drone  
  38  3:07  Overlord  
  38  3:08  Extractor  
  38  3:10  Drone x2  
  38  3:11  Drone x2  
  42  3:22  Hatchery  
  42  3:23  Drone x2  
  42  3:25  Queen  
  45  3:30  Drone, Spore Crawler  
  45  3:32  Drone  
  46  3:40  Overlord  
  46  3:42  Drone x2  
  46  3:43  Drone x2  
  50  3:50  Evolution Chamber  
  49  3:58  Overlord  
  49  3:59  Drone x3  
  52  4:07  Spore Crawler  
  51  4:14  Zergling x2  
  51  4:15  Queen  
  51  4:16  Drone x3  
  51  4:17  Drone x2  
  59  4:21  Overlord  
  59  4:22  Zerg Missile Weapons Level 1  
  59  4:25  Zergling x2  
  59  4:27  Spore Crawler  
  59  4:28  Drone  
  59  4:30  Overlord  
  60  4:34  Drone x2  
  60  4:35  Drone x2  
  64  4:39  Spore Crawler  
  64  4:45  Drone x2  
  66  4:47  Overlord  
  66  4:54  Roach Warren  
  66  4:55  Lair  
  66  4:56  Drone, Extractor  
  66  4:57  Extractor  
  66  4:58  Spore Crawler  
  66  4:59  Drone x3  
  66  5:06  Overlord  
  66  5:07  Drone x4  
  66  5:08  Drone  
  66  5:11  Drone  
  72  5:17  Drone  
  74  5:23  Overlord x2  
  74  5:24  Extractor  
  74  5:25  Drone x2  
  75  5:29  Hatchery  
  75  5:30  Drone  
  75  5:31  Drone x3  
  77  5:36  Overlord  
  77  5:45  Drone x6  
  77  5:48  Drone  
  77  5:49  Extractor  
  82  5:50  Drone, Extractor  
  82  5:51  Drone x3  
  82  5:55  Hydralisk Den  
  82  5:56  Zergling x8  
  88  6:00  Queen  
  88  6:03  Overlord  
  90  6:05  Zergling x8  
  90  6:06  Pneumatized Carapace  
  90  6:08  Zergling x2  
  95  6:14  Drone  
  95  6:16  Drone  
  95  6:17  Drone  
  95  6:18  Zerg Missile Weapons Level 2  
  98  6:20  Drone x3  
  98  6:22  Overlord  
  98  6:24  Hydralisk x2  
  105  6:26  Hydralisk x2  
  105  6:29  Hydralisk  
  109  6:33  Hydralisk x2  
  109  6:39  Overlord  
  113  6:40  Hydralisk x3  
  113  6:43  Hydralisk  
  121  6:48  Drone  
  121  6:50  Unknown  
  121  6:52  Drone x6  
  127  6:57  Evolution Chamber  
  127  7:01  Hydralisk x3  
  119  7:03  Drone x4  
  119  7:04  Drone  
  119  7:06  Overlord  
  125  7:12  Hydralisk  
  126  7:16  Queen  
  126  7:21  Drone x2  
  126  7:22  Infestation Pit  
  129  7:23  Hydralisk x3, Lurker Den  
  129  7:29  Hydralisk x2, Zergling x2  
  141  7:30  Zergling x4, Hatchery  
  140  7:38  Overlord  
  140  7:40  Zerg Ground Armor Level 1  
  140  7:41  Muscular Augments  
  140  7:46  Hydralisk x2  
  140  7:49  Overlord  
  144  7:57  Drone x2  
  144  7:58  Drone x5  
  151  8:01  Glial Reconstitution  
  151  8:03  Hive  
  149  8:13  Hydralisk x4  
  149  8:14  Zergling x8  
  149  8:15  Overlord  
  158  8:20  Extractor x2  
  158  8:21  Overlord  
  156  8:30  Drone x3  
  156  8:31  Overlord  
  156  8:32  Overlord x2  
  159  8:37  Lurker x3  
  159  8:38  Lurker  
  163  8:43  Hydralisk x8  
  163  8:44  Zergling x4  
  181  8:50  Hatchery  
  181  8:53  Grooved Spines  
  180  8:55  Overlord  
  180  8:56  Hydralisk x3  
  180  8:57  Hydralisk x2  
  180  8:58  Overseer  
  180  9:02  Hydralisk x3  
  192  9:07  Overlord  
  196  9:17  Seismic Spines  
  196  9:18  Hydralisk x2  
  187  9:40  Hydralisk  
  187  9:41  Hydralisk x4, Zergling x4  
  187  9:44  Zerg Missile Weapons Level 3  
  199  9:52  Spine Crawler  
  198  9:53  Spine Crawler  
  198  9:55  Spine Crawler  
  198  9:57  Spine Crawler  
  186  10:02  Lurker x7  
  194  10:07  Drone x4  
  194  10:14  Lurker x2, Adaptive Talons  
  199  10:18  Extractor  
  198  10:22  Extractor  
  191  10:38  Hydralisk x4  
  187  10:43  Hydralisk x9  
  194  10:51  Hydralisk  
  194  10:52  Zergling x8  
  194  10:54  Spine Crawler  
  194  10:56  Hydralisk x2  
  194  10:57  Hydralisk  
  200  10:59  Hydralisk x3  
  200  11:00  Zergling x2  
  200  11:03  Hydralisk x2  
  200  11:04  Zergling x2  
  200  11:16  Hydralisk x3  
  200  11:29  Overlord  
  197  11:45  Hydralisk  
  194  11:51  Hydralisk x8  
  195  11:58  Hydralisk x8  
  198  12:12  Spine Crawler  
  198  12:13  Spore Crawler  
  188  12:25  Overseer  
  188  12:27  Hydralisk x8  
  196  12:33  Overseer  
  196  12:40  Hydralisk x2  
  196  12:42  Overlord  
  196  12:46  Hatchery  
  196  12:51  Hydralisk x7  
  185  12:53  Overlord  
  188  13:00  Hydralisk  
  188  13:01  Zergling x22  
  186  13:07  Hydralisk  
  186  13:08  Zergling x4  
  186  13:10  Zerg Ground Armor Level 2  
  186  13:12  Hydralisk x2, Zergling x2  
  187  13:13  Spire  
  187  13:18  Hydralisk, Zergling x6  
  187  13:19  Zergling x6  
  191  13:23  Queen  
  191  13:24  Hydralisk  
  191  13:25  Zergling x2  
  191  13:26  Hydralisk  
  192  13:45  Drone  
  192  13:46  Drone  
  189  13:50  Spire  
  187  13:57  Extractor  
  187  13:58  Hydralisk x3  
  187  13:59  Zergling x8  
  161  14:19  Drone  
  156  14:29  Corruptor x22  
  194  14:32  Overlord  
  194  14:37  Drone x4  
  195  14:43  Corruptor x2  
  181  14:51  Corruptor, Viper  
  186  14:54  Corruptor  
  188  15:00  Corruptor x2  
  196  15:21  Overlord  
Show
View Real Time Build Order
Export as new Build Order

Stats Protoss 

Build Orders: 1 Gate Expand, Oracle Opening, Archon Immortal, Carriers, Archon Drop 

Get SALT Encoding   

  12  0:00  Probe  
  13  0:12  Probe  
  14  0:19  Pylon  
  14  0:24  Probe  
  14  0:27  Assimilator  
  15  0:37  Probe (Chrono Boost)  
  15  0:42  Gateway  
  16  0:48  Probe (Chrono Boost)  
  17  0:53  Probe (Chrono Boost)  
  18  1:03  Probe  
  19  1:15  Probe  
  20  1:22  Nexus  
  20  1:32  Cybernetics Core  
  20  1:34  Probe  
  20  1:39  Assimilator  
  21  1:46  Probe  
  22  1:49  Pylon  
  22  1:58  Probe  
  23  2:06  Adept (Chrono Boost)  
  23  2:07  Probe  
  23  2:08  Warp Gate  
  25  2:15  Probe  
  26  2:19  Stargate  
  27  2:25  Probe  
  27  2:28  Adept  
  30  2:34  Pylon  
  30  2:37  Probe (Chrono Boost)  
  32  2:46  Probe (Chrono Boost)  
  32  2:48  Pylon  
  32  2:49  Probe (Chrono Boost)  
  33  2:56  Void Ray (Chrono Boost)  
  33  2:58  Probe x2  
  39  3:11  Probe x2  
  39  3:12  Gateway  
  41  3:18  Pylon  
  41  3:23  Probe x2  
  43  3:32  Oracle (Chrono Boost)  
  46  3:36  Probe x2  
  46  3:37  Pylon  
  48  3:48  Probe x2  
  50  3:56  Assimilator  
  50  3:57  Pylon  
  50  3:59  Assimilator  
  50  4:00  Adept, Probe x2  
  54  4:07  Adept  
  56  4:12  Nexus  
  56  4:15  Pylon  
  56  4:18  Probe x2  
  58  4:29  Sentry x2  
  62  4:31  Robotics Facility  
  62  4:37  Probe x2  
  64  4:44  Gateway  
  64  4:45  Gateway  
  64  4:55  Probe x2  
  66  5:00  Forge, Twilight Council  
  66  5:04  Shield Battery  
  66  5:08  Probe x2 (Chrono Boost)  
  68  5:19  Probe x2 (Chrono Boost)  
  70  5:24  Warp Prism, Probe x2 (Chrono Boost)  
  70  5:25  Pylon  
  74  5:29  Pylon  
  74  5:30  Probe (Chrono Boost)  
  74  5:34  Assimilator  
  74  5:35  Assimilator, Probe x2 (Chrono Boost)  
  77  5:37  Protoss Ground Weapons Level 1 (Chrono Boost)  
  77  5:39  Probe (Chrono Boost)  
  77  5:41  Probe x2 (Chrono Boost)  
  77  5:42  Templar Archives  
  80  5:46  Probe  
  80  5:48  Charge  
  80  5:49  Probe x2  
  83  5:55  Phoenix  
  83  5:56  Phoenix  
  83  5:57  Pylon  
  83  6:00  Observer  
  83  6:03  Photon Cannon, Probe x3  
  87  6:08  Pylon  
  87  6:15  Probe x3  
  87  6:17  Gateway  
  90  6:18  Gateway  
  90  6:20  High Templar x4  
  90  6:24  Archon x2  
  98  6:28  Gateway  
  98  6:30  Gateway  
  98  6:38  Psionic Storm  
  98  6:42  Immortal  
  102  6:48  Pylon  
  102  6:49  Pylon  
  102  6:52  Pylon  
  102  6:55  High Templar x2  
  102  6:56  Zealot x2  
  101  7:14  High Templar x2  
  105  7:18  Photon Cannon  
  105  7:19  Photon Cannon  
  105  7:20  Photon Cannon  
  105  7:22  Shield Battery  
  105  7:23  Nexus, Pylon  
  105  7:25  Shield Battery  
  105  7:26  Immortal (Chrono Boost)  
  105  7:27  Shield Battery  
  109  7:30  Pylon  
  109  7:31  High Templar  
  109  7:33  High Templar  
  113  7:46  Photon Cannon  
  113  7:48  Photon Cannon  
  113  7:50  Photon Cannon  
  113  7:51  Shield Battery  
  113  7:53  Shield Battery  
  113  7:54  Shield Battery  
  113  7:55  Immortal (Chrono Boost)  
  117  8:00  Protoss Ground Weapons Level 2 (Chrono Boost)  
  117  8:05  Photon Cannon  
  117  8:06  Photon Cannon  
  117  8:07  Shield Battery  
  117  8:09  Photon Cannon  
  117  8:10  Zealot  
  119  8:19  Shield Battery  
  119  8:20  Blink (Chrono Boost)  
  119  8:21  Photon Cannon  
  119  8:26  Probe x3  
  122  8:28  Assimilator  
  122  8:31  Shield Battery  
  122  8:32  Shield Battery  
  122  8:34  Photon Cannon  
  122  8:38  Probe x3  
  122  8:39  Assimilator  
  125  8:46  Immortal  
  125  8:47  Probe  
  130  8:50  Probe x2  
  130  8:55  Stargate  
  132  8:56  Stargate  
  132  9:02  Fleet Beacon  
  132  9:07  Probe x4  
  136  9:19  Protoss Air Weapons Level 1 (Chrono Boost)  
  136  9:26  Observer  
  136  9:27  Zealot x4  
  136  9:29  Zealot x4  
  142  9:43  Photon Cannon  
  142  9:46  Carrier x2 (Chrono Boost)  
  142  9:47  Carrier (Chrono Boost)  
  160  9:54  Stalker  
  160  9:55  Stalker  
  160  10:16  Mothership  
  168  10:23  Zealot x4  
  170  10:45  Carrier (Chrono Boost)  
  176  10:50  Carrier (Chrono Boost)  
  178  11:00  Carrier (Chrono Boost)  
  178  11:03  Pylon  
  180  11:05  Pylon  
  180  11:07  Pylon  
  180  11:08  Zealot x2  
  168  11:24  Zealot x5  
  178  11:25  Cybernetics Core  
  178  11:27  Cybernetics Core  
  177  11:42  Carrier (Chrono Boost)  
  183  11:53  Nexus  
  181  11:55  Pylon  
  176  12:02  Zealot x2  
  174  12:09  Robotics Facility, Observer  
  171  12:26  Pylon  
  171  12:28  Stargate  
  171  12:29  Pylon  
  159  12:30  Pylon  
  159  12:34  Zealot x6  
  157  12:57  Carrier  
  137  13:14  Zealot x6  
  149  13:24  Pylon  
  149  13:25  Pylon  
  149  13:28  Carrier  
  150  13:34  Carrier  
  148  13:41  Observer  
  136  13:57  Assimilator  
  136  13:58  Probe  
  136  14:11  Probe  
  136  14:16  Observer (Chrono Boost)  
  130  14:23  Probe  
  131  14:26  Nexus  
  131  14:28  High Templar x6  
  128  15:01  High Templar x6  
  128  15:05  Archon  
  128  15:06  Archon x2  
  140  15:16  Nexus  
  118  15:29  Archon  

Tags
 
Add a new tag
Caveats
  • Supply blocks, unpowered buildings, or Contaminate may cause inaccurate times.
  • Supply counts are checked every 10 seconds.